 Dungeon Crawl Stone Soup version 0.29-a0-360-g8ed1089bbe (webtiles) character file.

Game seed: 8714023667537415777

578065 Zeldest the Executioner (level 27, -4/243 (258) HPs)
             Began as a Formicid Fighter on Apr 28, 2022.
             Was the Champion of the Shining One.
             Killed from afar by a hellion (26 damage)
             ... with damnation
             ... on level 7 of Cocytus on Apr 29, 2022.
             The game lasted 02:38:46 (83913 turns).

Zeldest the Executioner (Formicid Fighter)         Turns: 83913, Time: 02:38:46

HP:   -4/243 (258)  AC: 39    Str: 36    XL:     27
MP:   24/40         EV: 10    Int:  5    God:    the Shining One [******]
Gold: 3162          SH: 22    Dex: 12    Spells: 26/26 levels left

rFire   + + .      SeeInvis +   a - +9 executioner's axe (holy)
rCold   + + .      Faith    +   p - +7 kite shield of Wumimif {rElec Regen+ Int-2 Stlth+}
rNeg    + + +      Spirit   .   X - +10 gold dragon scales
rPois   +          Reflect  .   (helmet unavailable)
rElec   +          Harm     .   M - scarf {rC+ rF+}
rCorr   .          Rampage  .   S - +1 pair of gloves
Will    ++++.                   u - +2 pair of boots
Stlth   ..........              H - amulet of faith
HPRegen 0.50/turn               G - ring "Gaseluni" {Will+ Str+2 Dex+6}
MPRegen 0.27/turn               P - ring of the Final Decision {Fly rElec rPois Dex-4 Slay+4 Stlth-}

@: flying, glowing, drained, unable to drink
A: permanent stasis, dig shafts and tunnels, antennae 3, four strong arms, dopey
1, high MP 1, strong-willed 1, poison resistance, robust 1, MP-powered wands
}: 3/15 runes: serpentine, barnacled, abyssal
a: Dig, Shaft Self, Renounce Religion, Divine Shield, Cleansing Flame, Summon
Divine Warrior


You were on level 7 of Cocytus.
You worshipped the Shining One.
The Shining One was exalted by your worship.
You visited 13 branches of the dungeon, and saw 55 of its levels.
You visited the Abyss 2 times.
You also visited: Trove, Sewer, Ossuary, Bailey, Ice Cave and Volcano.

You collected 8013 gold pieces.
You spent 4851 gold pieces at shops.

Inventory:

Hand Weapons
 a - a +9 executioner's axe of holy wrath (weapon)
 b - the +7 battleaxe "Xoqur" {speed, rN+++ rCorr Str-4 Int-4}
   (Okawaru gifted it to you on level 4 of the Snake Pit)

   Attacks with this weapon are significantly faster.
   Str:       It affects your strength (-4).
   Int:       It affects your intelligence (-4).
   rN:        It renders you almost immune to negative energy.
   rCorr:     It protects you from acid and corrosion.
Missiles
 W - 46 silver javelins
 Z - 4 throwing nets
Armour
 p - the +7 kite shield of Wumimif (worn) {rElec Regen+ Int-2 Stlth+}
   (Okawaru gifted it to you on level 4 of the Snake Pit)

   Int:       It affects your intelligence (-2).
   rElec:     It insulates you from electricity.
   Regen:     It increases your rate of health regeneration.
   Stlth:     It makes you more stealthy.
 u - a +2 pair of boots (worn)
 M - a scarf of resistance (worn)
 S - a +1 pair of gloves (worn)
 U - a +1 tower shield of protection
 X - +10 gold dragon scales (worn)
Jewellery
 c - the ring of Juyluyca {Fly rF+ rN+}
   (You found it in a treasure trove)

   [ring of flight]

   rF:        It protects you from fire.
   rN:        It protects you from negative energy.
   Fly:       It grants you flight.
 D - the amulet "Bazxo Bimoo" {Spirit Rampage rN+ Regen+ Str+4}
   (You took it off a deep elf death mage on level 3 of the Elven Halls)

   [amulet of guardian spirit]

   It causes incoming damage to be divided between your reserves of health and
   magic.
   Str:       It affects your strength (+4).
   rN:        It protects you from negative energy.
   Regen:     It increases your rate of health regeneration.
   Rampage:   It bestows one free step when moving towards enemies.
 G - the ring "Gaseluni" (left hand) {Will+ Str+2 Dex+6}
   (You found it in a treasure trove)

   [ring of willpower]

   Str:       It affects your strength (+2).
   Dex:       It affects your dexterity (+6).
   Will:      It increases your willpower.
 H - an amulet of faith (around neck)
 K - the ring "Defiptad" {rC+ Str-3 Int+4 Dex+3}
   (You found it in a treasure trove)

   [ring of protection from cold]

   Str:       It affects your strength (-3).
   Int:       It affects your intelligence (+4).
   Dex:       It affects your dexterity (+3).
   rC:        It protects you from cold.
 L - the ring "Javiferi" {rC+ Str+6}
   (You found it in a treasure trove)

   [ring of protection from cold]

   Str:       It affects your strength (+6).
   rC:        It protects you from cold.
 P - the ring of the Final Decision (right hand) {Fly rElec rPois Dex-4 Slay+4 Stlth-}
   (You bought it in a shop on level 8 of the Dungeon)

   [ring of slaying]

   Dex:       It affects your dexterity (-4).
   Slay:      It affects your accuracy & damage with ranged weapons and melee
   (+4).
   rElec:     It insulates you from electricity.
   rPois:     It protects you from poison.
   Fly:       It grants you flight.
   Stlth:     It makes you less stealthy.
 Y - the ring "Rudeffac" {*Corrode rElec rPois rF+ Str+3}
   (You found it in a treasure trove)

   [ring of protection from fire]

   Str:       It affects your strength (+3).
   rF:        It protects you from fire.
   rElec:     It insulates you from electricity.
   rPois:     It protects you from poison.
   *Corrode:  It may corrode you when you take damage.
Wands
 i - a wand of paralysis (6)
 x - a wand of digging (8)
 y - a wand of flame (44)
 B - a wand of acid (15)
 E - a wand of iceblast (12)
 O - a wand of polymorph (17)
Scrolls
 d - 13 scrolls of fog
 e - 11 scrolls of immolation
 l - 11 scrolls of fear
 m - 7 scrolls of brand weapon
 o - 3 scrolls of summoning
 q - 10 scrolls of vulnerability
 r - 5 scrolls of amnesia
 w - 3 scrolls of holy word
 Q - 13 scrolls of noise
 T - 4 scrolls of silence
 V - 7 scrolls of magic mapping
Potions
 f - 5 potions of heal wounds
 g - 11 potions of mutation
 k - 3 potions of resistance
 n - 2 potions of ambrosia
 t - 8 potions of lignification
 z - 6 potions of attraction
 C - 9 potions of might
 F - 2 potions of curing
 I - 9 potions of brilliance
 J - 5 potions of magic
 R - a potion of cancellation
Miscellaneous
 j - a tin of tremorstones (2/2)
 s - a box of beasts
 A - a phantom mirror


   Skills:
 + Level 23.2 Fighting
 - Level 24.0 Axes
 + Level 15.0 Throwing
 + Level 20.3 Armour
 - Level 7.6 Dodging
 + Level 22.0 Shields
 + Level 19.6 Invocations
 - Level 13.9 Evocations


You had 26 spell levels left.
You didn't know any spells.
Your spell library contained the following spells:

 Spells                   Type           Power      Damage    Failure   Level
 Animate Skeleton         Necr           0%         N/A       99%         1
 Apportation              Tloc           0%         N/A       99%         1
 Freeze                   Ice            0%         1d3       99%         1
 Magic Dart               Conj           0%         1d3       99%         1
 Pain                     Necr           0%         1d4       99%         1
 Summon Small Mammal      Summ           0%         N/A       99%         1
 Corpse Rot               Necr/Air       0%         N/A       100%        2
 Poisonous Vapours        Pois/Air       0%         N/A       100%        2
 Searing Ray              Conj           0%         2d4       100%        2
 Static Discharge         Conj/Air       0%         N/A       100%        2
 Dazzling Flash           Conj/Hex       0%         N/A       100%        3
 Frozen Ramparts          Ice            0%         1d2       100%        3
 Ozocubu's Armour         Ice            0%         N/A       100%        3
 Stone Arrow              Conj/Erth      0%         3d7       100%        3
 Summon Guardian Golem    Hex/Summ       0%         N/A       100%        3
 Airstrike                Air            0%         N/A       100%        4
 Animate Armour           Summ/Erth      0%         N/A       100%        4
 Dispel Undead            Necr           0%         3d6       100%        4
 Hailstorm                Conj/Ice       0%         3d3       100%        4
 Ice Form                 Ice/Tmut       0%         N/A       100%        4
 Iskenderun's Mystic Bla  Conj/Tloc      0%         2d3       100%        4
 Leda's Liquefaction      Hex/Erth       0%         N/A       100%        4
 Summon Ice Beast         Ice/Summ       0%         N/A       100%        4
 Summon Lightning Spire   Summ/Air       0%         N/A       100%        4
 Agony                    Necr           0%         N/A       100%        5
 Excruciating Wounds      Necr           0%         N/A       100%        5
 Iskenderun's Battlesphe  Conj           0%         2d6       100%        5
 Lee's Rapid Deconstruct  Erth           0%         3d5*      100%        5
 Lightning Bolt           Conj/Air       0%         1d11      100%        5
 Metabolic Englaciation   Hex/Ice        0%         N/A       100%        5
 Death Channel            Necr           0%         N/A       100%        6
 Simulacrum               Ice/Necr       0%         N/A       100%        6
 Starburst                Conj/Fire      0%         6d3       100%        6
 Statue Form              Tmut/Erth      0%         N/A       100%        6
 Monstrous Menagerie      Summ           0%         N/A       100%        7
 Orb of Destruction       Conj           0%         9d5       100%        7
 Spellforged Servitor     Conj/Summ      0%         N/A       100%        7
 Storm Form               Tmut/Air       0%         N/A       100%        7
 Borgnjor's Revivificati  Necr           0%         N/A       100%        8
 Lehudib's Crystal Spear  Conj/Erth      0%         10d2      100%        8
 Maxwell's Capacitive Co  Air            0%         ∞         100%        8
 Necromutation            Tmut/Necr      0%         N/A       100%        8
 Chain Lightning          Conj/Air       0%         N/A       100%        9
 Death's Door             Necr           0%         N/A       100%        9


Dungeon Overview and Level Annotations

Branches:
Dungeon (15/15)            Temple (1/1) D:5            Lair (6/6) D:8
 Shoals (4/4) Lair:2        Snake (4/4) Lair:4        Slime (0/5) Lair:5
    Orc (2/2) D:10            Elf (3/3) Orc:2        Vaults (4/5) D:14
  Crypt (3/3) Vaults:3     Depths (4/4) D:15           Hell (visited)
    Dis (0/7) Hell            Geh (0/7) Hell            Coc (7/7) Hell
    Tar (0/7) Hell            Zot (1/5) Depths:4      Sewer (visited)
Ossuary (visited)          Bailey (visited)           IceCv (visited)
Volcano (visited)
   Tomb: Crypt:3

Altars:
Ashenzari
Cheibriados
Dithmenos
Elyvilon
Fedhas
Gozag
Hepliaklqana
Kikubaaqudgha
Makhleb
Nemelex Xobeh
Okawaru
Qazlal
Ru
Sif Muna
Trog
Uskayaw
Vehumet
Wu Jian
Xom
Yredelemnul
Zin
The Shining One
Jiyva
Lugonu

Shops:
D:5 :   D:8 =   D:9 [[   D:10 ([   D:11 *   D:14 *((:   Orc:2 :[(*   Elf:1 :?
Elf:2 **?[   Snake:3 =!   Depths:4 **

Portals:
Hell: Lair:6 Depths:1 Depths:2 Depths:3 Depths:4
Abyss: Lair:2 Depths:1 Depths:2 Depths:3 Depths:4
Pandemonium: Depths:2
Ziggurat: Depths:3

Annotations:
D:6 3 runed translucent doors, jaega1's ghost, novice HOFi
Elf:2 3 runed translucent doors
Elf:3 1 exclusion


Innate Abilities, Weirdness & Mutations

You cannot be hasted, slowed, berserked, paralysed or teleported.
You can dig through walls and to a lower floor.
You have a pair of large antennae on your head. (SInv)
Your four strong arms can wield two-handed weapons with a shield.
You are dopey. (Int -2)
You have an increased reservoir of magic. (+10% MP)
You are strong-willed. (Will+)
Your system is resistant to poisons. (rPois)
You are robust. (+10% HP)
You expend magic power (3 MP) to strengthen your wands.


Message History

It's too cold; everything's frozen solid!
A torrent of water rises up through the elemental wellspring!
The torrent of water hits you.
* * * LOW HITPOINT WARNING * * *
You are knocked back by the torrent of water.
The wave splashes down.
You hear a screech! x2; You hear a roar!
You hear a shout!
You hear a howl!
You hear a shout!
You hear a screech!
You hear a roar!
You hear a screech!
You hear a shout! x2; You hear a howl!
The hellion gestures at you.
The sphere of damnation explodes!
The damnation engulfs you!
* * * LOW HITPOINT WARNING * * *
You hear a howl!
The wendigo claws you.
* * * LOW HITPOINT WARNING * * *
The wendigo freezes you! You resist.
* * * LOW HITPOINT WARNING * * *
The wendigo bites you but does no damage.
Water spirits pour forth from the elemental wellspring!
You cut the wendigo into ribbons!!!
The wendigo convulses!!
The wendigo is severely wounded.
The wendigo fires a burst of electricity at you.
The stunning burst hits you but does no damage.
Your stasis prevents you from being paralysed.
You cut the wendigo into ribbons!!!
You kill the wendigo!
The Shining One accepts your kill.
You chop the elemental wellspring into pieces!!!
You chop the elemental wellspring into pieces!!!
You destroy the elemental wellspring!
The water elemental disappears in a puff of smoke! x2
The hellion gestures at you.
The sphere of damnation explodes!
The damnation engulfs you!
* * * LOW HITPOINT WARNING * * *
You hear a roar!
You hear a howl!
It's too cold; everything's frozen solid!
Okay, then.
The hellion gestures at you.
The sphere of damnation explodes!
The damnation engulfs you!!
You die...

****,,,,,******###..≈≈≈≈≈........
,,,,,,,,,.....##....≈≈≈≈≈.......≈
,,,≈≈≈≈≈≈≈≈........≈≈≈≈≈≈≈.....≈≈
≈≈≈≈≈≈≈≈≈≈≈≈≈....≈≈≈≈≈≈≈≈≈≈..≈≈≈≈
≈≈≈≈≈≈≈≈≈≈≈≈≈≈≈≈≈≈≈≈≈≈≈≈≈≈≈≈≈≈≈≈≈
≈≈≈≈≈≈≈≈≈≈≈≈≈≈≈≈≈≈≈≈≈.≈≈≈≈≈≈≈≈≈≈≈
≈≈≈≈≈≈≈≈≈≈≈≈≈≈≈≈≈≈≈≈≈§.≈≈≈≈≈≈≈≈≈≈
≈≈≈≈≈≈,,,....≈≈≈≈≈≈≈≈≈≈≈≈≈≈≈≈≈≈≈≈
≈≈≈≈≈,,,,.....2≈@≈≈≈≈≈≈≈≈≈≈≈≈≈≈≈,
≈≈≈≈≈,,,,.≈≈≈≈≈≈≈..≈≈≈≈≈..≈≈≈≈≈,,
≈≈≈≈≈,,,,≈≈≈≈≈≈≈....≈≈≈....≈≈≈,,,
,≈≈≈,,,≈≈≈≈≈≈≈≈≈....≈≈≈.##.≈≈≈,,,
,,≈≈≈≈≈≈≈≈≈≈≈≈≈≈....≈≈≈.#*..≈≈≈,,
,,≈≈≈≈≈≈≈≈≈≈≈≈≈≈..≈≈≈≈..#**.≈≈≈≈≈
≈≈≈≈≈≈≈≈≈≈≈≈≈≈≈...≈≈≈≈..# *,≈≈≈≈≈
≈≈≈≈≈≈≈≈≈≈≈≈≈≈≈..≈≈≈≈≈.## *,≈≈≈≈≈
≈≈≈≈≈≈≈≈≈≈≈≈≈≈≈≈≈≈≈≈≈≈.# *,,≈≈≈,


You could see a hellion.

Vanquished Creatures
  An ancient lich (Abyss:5)
  A juggernaut (Depths:4)
  Mennas (Vaults:3)
  Sojobo (Vaults:2)
  Bai Suzhen (D:15)
  Saint Roka (Vaults:3)
  15 shard shrikes
  Vashnia (Arena)
  2 golden dragons (Depths:3)
  Geryon (Hell)
  A caustic shrike (Depths:2)
  Jory (Arena)
  2 bone dragons
  2 electric golems (Zot:1)
  Mlioglotl (Snake:1)
  A walking crystal tome (Arena)
  6 tentacled monstrosities
  2 liches
  A hellephant (Abyss:5)
  4 Ice Fiends
  A walking earthen tome (Depths:1)
  Rupert (Orc:2)
  4 deep elf blademasters
  A walking frostbound tome (Depths:2)
  Asterion (Elf:3)
  Murray (Hell)
  12 titans
  3 quicksilver dragons
  4 deep elf master archers
  2 ancient champions (Crypt:1)
  7 tentacled starspawn
  An Executioner (Abyss:5)
  The ghost of HendSelp the Peltast, an adept VSFi of Gozag (Shoals:1)
  2 sphinxes
  3 azure jellies
  The ghost of finalsalamander the Severer, an adept HOMo of Beogh (Shoals:3)
  A draconian monk (Zot:1)
  A storm dragon (Depths:4)
  The ghost of Hubris850 the Slayer, a journeyman MiHu of Okawaru (Snake:1)
  15 fire giants
  7 revenants
  7 shadow dragons
  7 tengu reavers
  7 narguns
  6 nagarajas (Snake:4)
  Ilsuiw (Shoals:4)
  9 deep elf sorcerers
  22 frost giants
  3 iron dragons
  Aizul (Snake:2)
  4 orc warlords
  A ghost moth (Zot:1)
  12 vault wardens
  4 cacodemons (Abyss:5)
  A draconian stormcaller (Zot:1)
  A juggernaut zombie (Depths:3)
  A curse skull (Crypt:1)
  2 ghouls
  Louise (Lair:2)
  2 balrugs
  A draconian scorcher (Depths:4)
  3 shard shrike simulacra
  4 ironbound thunderhulks
  3 war gargoyles
  4 reapers (Hell)
  16 ironbound preservers
  4 deep elf elementalists
  The ghost of Hailok the Impaler, a journeyman MfGl of the Shining One (Lair:2)
  A draconian annihilator (Depths:4)
  12 very ugly things
  3 spriggan defenders (Depths:3)
  2 caustic shrike skeletons
  2 juggernaut skeletons
  16 stone giants
  6 elemental wellsprings
  5 deep elf demonologists (Elf:3)
  6 vampire knights
  9 spark wasps
  4 lorocyprocas
  3 entropy weavers
  A red draconian (Zot:1)
  Azrael (Orc:2)
  7 dire elephants
  3 deep elf annihilators (Elf:3)
  4 black draconians
  2 yellow draconians
  A purple draconian (Depths:4)
  4 white draconians
  A green draconian (Depths:4)
  5 wendigos
  Snorg (Lair:6)
  3 iron golems (Hell)
  15 merfolk impalers
  A crystal guardian (Vaults:4)
  3 merfolk javelineers (Shoals:4)
  9 ettins
  10 deep elf death magi
  4 eidola
  A green death (Abyss:4)
  Josephine (D:12)
  2 blizzard demons (Hell)
  16 jiangshi
  11 fire dragons
  9 yaktaur captains
  6 vault guards
  15 hydras
  3 salamander tyrants
  A great orb of eyes (shapeshifter) (Depths:4)
  A caustic shrike simulacrum (Crypt:2)
  8 great orbs of eyes
  9 ice dragons
  3 peacekeepers
  3 deep elf high priests (Elf:3)
  4 spriggan skeletons
  An ogre mage (D:14)
  4 boulder beetles
  12 rakshasas
  2 hell beasts (Hell)
  5 spriggan air magi
  A quicksilver dragon skeleton (Depths:2)
  6 ironbound frosthearts
  4 juggernaut simulacra
  6 merfolk avatars
  6 anacondas
  A death knight (Crypt:1)
  5 naga warriors
  5 satyrs
  A catoblepas (Lair:5)
  5 alligator snapping turtles
  18 centaur warriors
  7 merfolk aquamancers
  4 deep troll shamans
  12 dancing weapons
  9 deep troll earth magi
  11 vampire magi
  12 two-headed ogres
  Urug (Lair:5)
  7 tengu warriors
  6 thrashing horrors
  7 death yaks (Lair:4)
  2 orc high priests
  16 naga sharpshooters
  6 hell hogs
  11 spriggan berserkers
  12 deep elf knights
  Nergalle (Lair:4)
  6 shock serpents
  12 sun demons
  4 hell knights
  A shadow wraith (Abyss:5)
  5 soul eaters
  Sonja (Orc:1)
  2 sixfirhies
  6 iron trolls
  37 skeletal warriors
  5 wretched stars
  16 sea snakes
  3 spatial maelstroms
  3 salamander mystics
  Lodul (D:12)
  A flayed ghost (Abyss:5)
  18 deep elf archers
  7 glowing orange brains
  53 deep trolls
  An anaconda zombie (Crypt:3)
  A storm dragon skeleton (Depths:1)
  An anaconda skeleton (Hell)
  15 ironbound convokers
  12 lindwurms
  2 bog bodies
  2 kraken simulacra
  A fenstrider witch simulacrum (Coc:1)
  A tengu skeleton (Crypt:2)
  32 harpies
  A tengu zombie (Vaults:1)
  4 naga ritualists
  13 orc knights
  6 wizards
  28 deep elf pyromancers
  26 deep elf zephyrmancers
  A golden dragon skeleton (Depths:1)
  5 phantasmal warriors
  A harpy (shapeshifter) (Abyss:5)
  13 mana vipers
  16 necromancers
  A bunyip skeleton (Crypt:2)
  A shining eye (shapeshifter) (Abyss:5)
  A stone giant zombie (Vaults:1)
  28 salamanders
  8 orc sorcerers
  19 manticores
  13 cyclopes
  27 fauns
  34 ugly things
  A goliath frog skeleton (Crypt:1)
  10 fire giant skeletons
  An iron dragon zombie (Crypt:3)
  2 shadow dragon skeletons
  21 elephants
  11 merfolk sirens
  6 guardian serpents
  2 worldbinders
  34 black mambas
  10 moths of wrath (Zot:1)
  3 apocalypse crabs
  5 water nymphs
  5 rust devils
  13 vault sentinels
  10 naga magi
  A spectral sea snake (Shoals:3)
  3 molten gargoyles (Hell)
  2 torpor snails (Lair:6)
  4 unseen horrors
  A dire elephant skeleton (Crypt:2)
  7 gargoyles
  4 orange demons
  5 ice statues
  16 smoke demons
  A yaktaur (shapeshifter) (D:15)
  41 yaktaurs
  3 demonic crawlers
  14 cane toads
  49 large abominations
  5 centaur skeletons
  5 hellions
  2 rime drakes (Lair:6)
  16 freezing wraiths
  A purple draconian zombie (Crypt:1)
  2 efreet
  18 komodo dragons
  4 anaconda simulacra (IceCv)
  7 ice devils
  3 hellwings
  2 golden dragon simulacra
  2 spectral water nymphs (Shoals:3)
  3 red devils
  A silent spectre (Abyss:1)
  A tengu conjurer (Depths:1)
  A sea snake skeleton (Hell)
  8 ancient zymes
  3 tormentors
  39 merfolk
  3 bunyip simulacra (Coc:2)
  2 polar bears
  An iron giant simulacrum (Coc:6)
  6 meliai
  A tengu simulacrum (Depths:2)
  2 harpy zombies
  A queen bee (Lair:5)
  11 trolls
  2 hydra zombies (Hell)
  2 wind drakes
  A hydra skeleton (Hell)
  4 hornets
  15 raiju
  A meliai (shapeshifter) (Elf:1)
  19 blink frogs
  10 snapping turtles
  A spectral manticore (Shoals:3)
  An iron dragon simulacrum (Coc:3)
  A harpy skeleton (Crypt:3)
  2 stone giant simulacra (Coc:3)
  16 dream sheep
  32 slime creatures
  6 spriggan zombies
  2 alligator zombies (Hell)
  2 spectral merfolk (Shoals:3)
  2 flying skulls (Abyss:5)
  A frost giant simulacrum (Vaults:1)
  A spectral wind drake (Shoals:3)
  5 spriggans
  A shadow (Crypt:3)
  6 dire elephant simulacra
  3 air elementals
  7 fire dragon skeletons (Crypt:3)
  2 ettin skeletons
  15 water elementals
  7 vampires
  3 ynoxinuls (Abyss:4)
  9 wyverns
  4 basilisks
  6 fire bats (Volcano)
  5 golden eyes (Abyss:5)
  22 yaks
  3 alligator snapping turtle simulacra
  8 neqoxecs
  4 steam dragons
  10 wraiths
  6 fire elementals
  4 chaos spawn (Abyss:5)
  15 harpy simulacra
  4 redbacks
  6 spatial vortices
  11 vampire mosquitoes
  32 nagas
  A spectral snapping turtle (Shoals:3)
  A demonspawn zombie (Crypt:2)
  8 wargs
  2 naga zombies (Crypt:3)
  2 hydra simulacra (Coc:1)
  3 acid dragons
  15 water moccasins
  14 hell hounds
  2 human skeletons
  3 floating eyes
  3 ice beasts
  A sky beast (D:7)
  3 black bears
  40 orc warriors
  76 starcursed masses
  12 wolves
  3 ettin simulacra
  A tengu (D:9)
  2 merfolk simulacra
  19 ogres
  2 boggarts
  2 snapping turtle skeletons
  A dream sheep skeleton (Crypt:1)
  17 centaurs
  4 kobold brigands (D:14)
  A phantom (D:5)
  A salamander zombie (Crypt:1)
  26 small abominations
  15 bullfrogs
  2 earth elementals
  A komodo dragon skeleton (Crypt:2)
  7 necrophages
  4 scorpions
  2 gnoll sergeants (D:9)
  2 two-headed ogre simulacra (IceCv)
  14 wights
  A water moccasin zombie (D:3)
  2 manticore simulacra (Shoals:3)
  A polar bear zombie (Crypt:1)
  A yak zombie (Crypt:2)
  46 killer bees
  A warg skeleton (Crypt:1)
  8 vampire bats (Bailey)
  6 wolf zombies (Bailey)
  4 howler monkeys
  An electric eel (Snake:4)
  A crimson imp (Abyss:4)
  2 lava snakes (Snake:1)
  4 human zombies (Ossuary)
  2 quasits (Abyss:4)
  6 jellies
  22 orc priests
  3 hounds
  A gnoll shaman (D:6)
  An iron imp (Abyss:1)
  27 orc wizards
  4 iguanas
  Terence (D:3)
  A black bear skeleton (Crypt:1)
  A troll simulacrum (IceCv)
  3 spriggan simulacra
  5 hound zombies
  6 naga skeletons
  A hound skeleton (D:3)
  4 mummies
  2 howler monkey zombies
  Robin (D:3)
  6 adders
  14 gnolls
  A naga simulacrum (IceCv)
  5 river rats
  3 white imps
  3 ufetubi (D:5)
  5 adder zombies
  A lava snake zombie (Crypt:2)
  An adder skeleton (D:3)
  2 worms
  2 dart slugs
  86 orcs
  8 ball pythons
  11 endoplasms
  10 giant cockroaches
  21 goblins
  8 hobgoblins
  4 jackals (D:1)
  3 quokkas
  A ball python skeleton (Crypt:2)
  7 frilled lizards
  3 gnoll zombies (Ossuary)
  3 goblin zombies (Ossuary)
  4 hobgoblin zombies (Ossuary)
  6 jackal zombies (Ossuary)
  8 kobolds
  4 kobold zombies
  21 orc zombies (Bailey)
  2 quokka zombies (Ossuary)
  10 rats
  2 rat zombies (Ossuary)
  A fungus (Lair:5)
  A lurking horror (Abyss:4)
  12 starspawn tentacles
  2 tentacles (Hell)
2698 creatures vanquished.

Vanquished Creatures (collateral kills)
  An Ice Fiend (Coc:7)
  3 tentacled starspawn (Abyss:5)
  An elemental wellspring (Coc:7)
  2 wendigos (Coc:7)
  4 thrashing horrors (Abyss:5)
  2 spatial maelstroms (Abyss:5)
  A sixfirhy (Abyss:5)
  A glowing orange brain (Abyss:5)
  An orc sorcerer (Abyss:5)
  5 large abominations (Abyss:5)
  A hellion (Coc:7)
  An ancient zyme (Abyss:5)
  2 raiju (Abyss:5)
  A slime creature (Abyss:5)
  A ynoxinul (Abyss:5)
  A flying skull (Abyss:5)
  4 golden eyes (Abyss:5)
  2 spatial vortices (Abyss:5)
  A harpy simulacrum (Coc:7)
  A floating eye (Abyss:5)
  3 small abominations (Abyss:5)
  6 starcursed masses (Abyss:5)
  4 starspawn tentacles (Abyss:5)
49 creatures vanquished.

Vanquished Creatures (others)
  Nikola (Shoals:1)
  A titan (Crypt:2)
  An azure jelly (Coc:2)
  A frost giant (Abyss:1)
  A wendigo (Coc:1)
  A caustic shrike simulacrum (Coc:3)
  A wretched star (Abyss:4)
  A deep elf zephyrmancer (Elf:1)
  A tengu skeleton (Vaults:1)
  A naga mage (Snake:1)
  A yaktaur (Vaults:2)
  2 bunyip simulacra (Coc:1)
  2 centaur simulacra (Coc:2)
  2 harpy simulacra (Coc:1)
  A hydra simulacrum (Coc:2)
  A killer bee (Lair:5)
  2 orc wizards
  54 fungi
  2 lurking horrors
  207 plants
  22 starspawn tentacles
  9 tentacles
  29 withered plants
344 creatures vanquished.

Grand Total: 3091 creatures vanquished

Notes
Turn   | Place    | Note
-------+----------+-------------------------------------------
     0 | D:1      | Zeldest the Formicid Fighter began the quest for the Orb.
     0 | D:1      | Reached XP level 1. HP: 18/18 MP: 1/1
   185 | D:1      | Reached XP level 2. HP: 8/24 MP: 2/2
   965 | D:1      | Reached XP level 3. HP: 27/29 MP: 3/3
  1961 | D:3      | Reached skill level 3 in Axes
  1961 | D:3      | Reached XP level 4. HP: 34/37 MP: 4/4
  2045 | D:3      | Noticed Robin
  2065 | D:3      | Killed Robin
  2066 | D:3      | Reached XP level 5. HP: 25/42 MP: 5/5
  2086 | D:3      | Noticed a black bear
  2097 | D:3      | Killed a black bear
  2098 | D:3      | Reached XP level 6. HP: 5/48 MP: 6/6
  2377 | D:3      | Noticed Terence
  2384 | D:3      | Killed Terence
  2385 | D:3      | Reached skill level 4 in Axes
  2710 | D:3      | Found a snail-covered altar of Cheibriados.
  2756 | D:3      | Found a sacrificial altar of Ru.
  2756 | D:3      | Found a broken altar of Ashenzari.
  3186 | D:4      | Reached skill level 5 in Shields
  3493 | D:4      | Reached XP level 7. HP: 42/55 MP: 7/7
  3925 | D:5      | Entered Level 5 of the Dungeon
  3941 | D:5      | Found a staircase to the Ecumenical Temple.
  3954 | Temple   | Entered the Ecumenical Temple
  3975 | Temple   | Became a worshipper of Warmaster Okawaru
  4022 | D:5      | Reached skill level 5 in Axes
  4091 | D:5      | Reached skill level 1 in Invocations
  4091 | D:5      | Reached skill level 1 in Evocations
  4098 | D:5      | Found a sand-covered staircase.
  4114 | Ossuary  | Entered an ossuary
  4259 | Ossuary  | Reached skill level 5 in Fighting
  4326 | Ossuary  | Reached XP level 8. HP: 58/62 MP: 9/9
  4426 | D:5      | Reached * piety under Okawaru
  4538 | D:5      | Reached skill level 6 in Axes
  5255 | D:5      | Found Zaprucre's Book Shop.
  5390 | D:5      | Found an ancient bone altar of Kikubaaqudgha.
  5399 | D:5      | Reached ** piety under Okawaru
  5400 | D:5      | Reached XP level 9. HP: 65/69 MP: 11/11
  5894 | D:6      | Reached skill level 7 in Axes
  5904 | D:6      | Found a glowing drain.
  6052 | Sewer    | Entered a sewer
  6214 | Sewer    | Found a viscous altar of Jiyva.
  6571 | D:6      | Noticed a gargoyle
  6579 | D:6      | Killed a gargoyle
  6580 | D:6      | Reached skill level 5 in Invocations
  6608 | D:6      | Reached skill level 8 in Axes
  6709 | D:6      | Reached *** piety under Okawaru
  6966 | D:6      | Reached skill level 5 in Evocations
  7105 | D:6      | Found a sparkling altar of Nemelex Xobeh.
  7105 | D:6      | Found a stormy altar of Qazlal.
  7119 | D:6      | Found a runed translucent gate.
  7120 | D:6      | Found a runed translucent gate.
  7121 | D:6      | Found a runed translucent gate.
  7121 | D:6      | Noticed jaega1's ghost (novice HOFi)
  7123 | D:6      | Noticed a kobold demonologist
  7635 | D:7      | Reached XP level 10. HP: 53/79 MP: 12/14
  8255 | D:7      | Reached skill level 9 in Axes
  8482 | D:7      | Found a glowing silver altar of Zin.
  9464 | D:8      | Reached **** piety under Okawaru
 10058 | D:8      | Found a shadowy altar of Dithmenos.
 10113 | D:8      | Found a glowing golden altar of the Shining One.
 10142 | D:8      | Found a staircase to the Lair.
 10232 | D:8      | Found Latoa's Jewellery Shoppe.
 10343 | D:9      | Noticed Prince Ribbit
 10344 | D:9      | Found a hide-covered altar of Uskayaw.
 10368 | D:9      | Noticed Prince Ribbit
 10368 | D:9      | Prince Ribbit changed into Prince Ribbit the tengu
 10380 | D:9      | Killed Prince Ribbit the tengu
 10870 | D:9      | Found Vietzin's Antique Armour Shoppe.
 10921 | D:9      | Reached skill level 10 in Axes
 11235 | D:9      | Reached XP level 11. HP: 34/78 MP: 13/16
 11511 | D:9      | Found Coghoen's Antique Armour Boutique.
 11766 | D:10     | Entered Level 10 of the Dungeon
 12041 | D:10     | Found an ornate altar of the Wu Jian Council.
 12087 | D:10     | Found a flagged portal.
 12130 | Bailey   | Entered a bailey
 12315 | Bailey   | Reached ***** piety under Okawaru
 12577 | Bailey   | Reached skill level 11 in Axes
 12700 | Bailey   | Identified the +1 scale mail "Emnolam" {Rampage rPois rF+}
 12844 | D:10     | Found a shimmering altar of Xom.
 12936 | D:10     | Found a shimmering blue altar of Sif Muna.
 13327 | D:10     | Noticed a two-headed ogre
 13334 | D:10     | Killed a two-headed ogre
 13598 | D:10     | Found Zuwoav's Weapon Emporium.
 13600 | D:10     | Found a staircase to the Orcish Mines.
 13601 | D:10     | Found Apufo's Armour Emporium.
 13616 | D:10     | Received a gift from Okawaru
 13621 | D:10     | Bought a +0 war axe of flaming for 91 gold pieces
 14013 | D:11     | Found Eptim's Changing Room.
 14034 | D:11     | Found the +7 Kryia's mail coat {PotionHeal*2 rC+}
 14064 | D:11     | Noticed a seven-headed hydra
 14091 | D:11     | Killed a one-headed hydra
 14124 | D:11     | Found a bloodstained altar of Trog.
 14176 | D:11     | Noticed a five-headed hydra
 14187 | D:11     | Killed a one-headed hydra
 14188 | D:11     | Reached skill level 12 in Axes
 14188 | D:11     | Reached XP level 12. HP: 64/97 MP: 16/18
 14463 | D:11     | Reached skill level 10 in Fighting
 15095 | D:11     | Noticed a six-headed hydra
 15105 | D:11     | Killed a two-headed hydra
 15427 | D:12     | Reached ****** piety under Okawaru
 15427 | D:12     | Identified the +9 broad axe of Dividends {elec, Fragile
                  | rElec rCorr Dex-4} (Okawaru gifted it to you on level 12 of
                  | the Dungeon)
 15427 | D:12     | Received a gift from Okawaru
 15604 | D:12     | Noticed a rakshasa
 15616 | D:12     | Killed a rakshasa
 15617 | D:12     | Reached skill level 13 in Axes
 15711 | D:12     | Noticed a two-headed ogre
 15712 | D:12     | Noticed a two-headed ogre
 15712 | D:12     | Noticed a two-headed ogre
 15712 | D:12     | Noticed a two-headed ogre
 15712 | D:12     | Noticed Lodul
 15713 | D:12     | Noticed a two-headed ogre
 15713 | D:12     | Noticed a two-headed ogre
 15717 | D:12     | Killed a two-headed ogre
 15718 | D:12     | Killed a two-headed ogre
 15721 | D:12     | Killed Lodul
 15722 | D:12     | Killed a two-headed ogre
 15723 | D:12     | Killed a two-headed ogre
 15723 | D:12     | Received a gift from Okawaru
 15729 | D:12     | Reached skill level 10 in Evocations
 15731 | D:12     | Killed a two-headed ogre
 15732 | D:12     | Reached XP level 13. HP: 46/106 MP: 4/19
 15741 | D:12     | Reached skill level 14 in Axes
 15951 | D:12     | Noticed Josephine
 15958 | D:12     | Killed Josephine
 16893 | Lair:1   | Entered Level 1 of the Lair of Beasts
 17076 | Lair:1   | Received a gift from Okawaru
 17077 | Lair:1   | Reached skill level 15 in Axes
 17350 | Lair:1   | Noticed an eight-headed hydra
 17368 | Lair:1   | Killed a 17-headed hydra
 18055 | Lair:2   | Found a one-way gate to the infinite horrors of the Abyss.
 18055 | Lair:2   | Noticed Hailok's ghost (journeyman MfGl)
 18056 | Lair:2   | Noticed a rakshasa
 18080 | Lair:2   | Found a transporter.
 18080 | Lair:2   | Found a transporter.
 18266 | Lair:2   | Received a gift from Okawaru
 18770 | Lair:2   | Noticed a six-headed hydra
 18778 | Lair:2   | Killed an 11-headed hydra
 18779 | Lair:2   | Reached skill level 16 in Axes
 18779 | Lair:2   | Reached XP level 14. HP: 97/116 MP: 20/20
 18857 | Lair:2   | Found a staircase to the Shoals.
 19307 | Lair:3   | Identified the +7 dagger "Moperuf" {venom, rC+ Str+7 SInv}
 19694 | Lair:3   | You fall into a shaft and drop 2 floors!
 19694 | Lair:5   | Found a staircase to the Slime Pits.
 19695 | Lair:5   | Found a viscous altar of Jiyva.
 19731 | Lair:5   | Received a gift from Okawaru
 19732 | Lair:5   | Reached skill level 5 in Armour
 20348 | Lair:5   | Noticed Urug
 20361 | Lair:5   | Killed Urug
 21247 | Lair:4   | Received a gift from Okawaru
 21253 | Lair:4   | Reached skill level 17 in Axes
 21430 | Lair:4   | Noticed Nergalle
 21440 | Lair:4   | Killed Nergalle
 21473 | Lair:4   | Received a gift from Okawaru
 22015 | Lair:4   | Reached XP level 15. HP: 119/125 MP: 21/21
 22045 | Lair:4   | Found a staircase to the Snake Pit.
 22889 | Lair:2   | Killed Hailok's ghost
 22934 | Lair:2   | Received a gift from Okawaru
 23267 | Lair:6   | Entered Level 6 of the Lair of Beasts
 23291 | Lair:6   | Noticed Snorg
 23303 | Lair:6   | Killed Snorg
 23566 | Lair:6   | Found a dark tunnel.
 23575 | Lair:6   | Received a gift from Okawaru
 23618 | Volcano  | Entered a volcano
 24079 | Volcano  | Reached skill level 18 in Axes
 25220 | Lair:6   | Reached XP level 16. HP: 134/134 MP: 22/22
 25347 | Lair:6   | Received a gift from Okawaru
 25351 | Lair:6   | Found a burning altar of Makhleb.
 25622 | Lair:6   | Found a gateway to Hell.
 27545 | D:14     | Found Moho's Book Boutique.
 27583 | D:14     | Found Suulei Jumo's Weapon Shoppe.
 27738 | D:14     | Received a gift from Okawaru
 27791 | D:14     | Reached skill level 15 in Fighting
 28139 | D:14     | Found Xaudgh's Antique Weapon Boutique.
 28282 | D:14     | Reached skill level 10 in Shields
 28282 | D:14     | Reached skill level 10 in Invocations
 28300 | D:14     | Received a gift from Okawaru
 28696 | D:14     | Found a gate to the Vaults.
 28714 | D:14     | Found Atitaexo's Assorted Antiques.
 28727 | D:14     | Bought a scroll labelled LAQIWNIPSAPH for 36 gold pieces
 28872 | D:8      | Bought the ring of the Final Decision {Fly rElec rPois
                  | Dex-4 Slay+4 Stlth-} for 1150 gold pieces
 28961 | Orc:1    | Entered Level 1 of the Orcish Mines
 28966 | Orc:1    | Noticed Sonja
 28975 | Orc:1    | Reached skill level 19 in Axes
 29003 | Orc:1    | Killed Sonja
 29215 | Orc:1    | Found a frozen archway.
 29391 | IceCv    | Entered an ice cave
 29586 | IceCv    | Received a gift from Okawaru
 30303 | Orc:1    | Reached XP level 17. HP: 128/142 MP: 21/24
 30361 | Orc:2    | Entered Level 2 of the Orcish Mines
 30793 | Orc:2    | Found Budofa Ywnie's Book Boutique.
 31085 | Orc:2    | Found Dugom's Antique Weapon Boutique.
 31130 | Orc:2    | Noticed Azrael
 31149 | Orc:2    | Reached skill level 10 in Armour
 31151 | Orc:2    | Killed Azrael
 31489 | Orc:2    | Found Asmeyt's Antique Armour Shop.
 31632 | Orc:2    | Noticed Rupert
 31645 | Orc:2    | Killed Rupert
 31677 | Orc:2    | Found Cuyr's General Store.
 31811 | Orc:2    | Found a staircase to the Elven Halls.
 32026 | Snake:1  | Entered Level 1 of the Snake Pit
 32026 | Snake:1  | Found a runed translucent door.
 32148 | Snake:1  | Received a gift from Okawaru
 33065 | Snake:1  | Noticed Hubris850's ghost (journeyman MiHu)
 33136 | Snake:1  | Noticed Mlioglotl
 33155 | Snake:1  | Killed Mlioglotl
 34114 | Snake:1  | Reached skill level 20 in Axes
 34261 | Snake:1  | Killed Hubris850's ghost
 34431 | Snake:1  | Acquired a +0 executioner's axe of freezing
 34452 | Snake:2  | Noticed Aizul
 34474 | Snake:2  | Killed Aizul
 34764 | Snake:2  | Reached skill level 1 in Dodging
 34871 | Snake:2  | Noticed Vashnia
 34875 | Arena    | Entered the Arena
 34890 | Arena    | Killed Vashnia
 34910 | Snake:2  | Identified the +8 plate armour "Ugobbieh" {Harm} (Okawaru
                  | gifted it to you on level 2 of the Snake Pit)
 34910 | Snake:2  | Received a gift from Okawaru
 35304 | Snake:2  | Reached XP level 18. HP: 125/151 MP: 26/26
 36601 | Snake:3  | Found Xuathrue's Distillery.
 36606 | Snake:3  | Found Sebeug's Jewellery Boutique.
 36613 | Snake:3  | Bought a potion of curing for 45 gold pieces
 36613 | Snake:3  | Bought a potion of curing for 45 gold pieces
 36613 | Snake:3  | Bought a potion of mutation for 120 gold pieces
 36613 | Snake:3  | Bought a potion of might for 60 gold pieces
 36889 | Snake:3  | Bought a ring of fire for 325 gold pieces
 37273 | Snake:4  | Entered Level 4 of the Snake Pit
 37588 | Snake:4  | Identified the +7 battleaxe "Xoqur" {speed, rN+++ rCorr
                  | Str-4 Int-4} (Okawaru gifted it to you on level 4 of the
                  | Snake Pit)
 37588 | Snake:4  | Received a gift from Okawaru
 39583 | Snake:4  | Identified the +1 war axe "Raaqopt" {holy, rPois rC+ Int+3}
                  | (Okawaru gifted it to you on level 4 of the Snake Pit)
 39583 | Snake:4  | Received a gift from Okawaru
 39591 | Snake:4  | Noticed a quicksilver dragon
 39600 | Snake:4  | Killed a quicksilver dragon
 39601 | Snake:4  | Noticed a quicksilver dragon
 39609 | Snake:4  | Killed a quicksilver dragon
 39845 | Snake:4  | Reached skill level 21 in Axes
 40267 | Snake:4  | Got a serpentine rune of Zot
 40341 | Snake:4  | Reached XP level 19. HP: 148/159 MP: 27/27
 40458 | Snake:4  | Identified the +7 kite shield of Wumimif {rElec Regen+
                  | Int-2 Stlth+} (Okawaru gifted it to you on level 4 of the
                  | Snake Pit)
 40458 | Snake:4  | Received a gift from Okawaru
 40637 | Shoals:1 | Entered Level 1 of the Shoals
 40894 | Vaults:1 | Entered Level 1 of the Vaults
 41181 | Vaults:1 | Reached skill level 5 in Dodging
 41393 | Vaults:1 | Identified the +7 broad axe "Lussa" {pain, Int+4 Stlth+}
                  | (Okawaru gifted it to you on level 1 of the Vaults)
 41393 | Vaults:1 | Received a gift from Okawaru
 42168 | Vaults:1 | Identified the +0 tower shield "Xevimmi" {Rampage Str-4
                  | Dex+9 Slay+3} (Okawaru gifted it to you on level 1 of the
                  | Vaults)
 42168 | Vaults:1 | Received a gift from Okawaru
 42764 | Vaults:2 | Noticed Sojobo
 42783 | Arena    | Entered the Arena
 42819 | Vaults:2 | Killed Sojobo
 42826 | Vaults:2 | Reached XP level 20. HP: 18/168 MP: 19/28
 42827 | Arena    | Entered the Arena
 42922 | Vaults:2 | Reached skill level 22 in Axes
 42989 | Vaults:2 | Identified the +4 troll leather armour "Damnable
                  | Contraption" {Harm rC++ rN+ Regen+ Dex-4} (Okawaru gifted
                  | it to you on level 2 of the Vaults)
 42989 | Vaults:2 | Received a gift from Okawaru
 44542 | Shoals:1 | Acquired 710 gold pieces
 44580 | Shoals:1 | Noticed HendSelp's ghost (adept VSFi)
 44847 | Shoals:1 | Noticed Nikola
 44849 | Shoals:1 | Found a transporter.
 44879 | Shoals:1 | Killed Nikola
 45114 | Shoals:1 | Noticed Louise
 45350 | D:10     | Bought the +0 cloak "Fuzoz" {*Corrode rC+ Will+} for 277
                  | gold pieces
 45518 | Lair:2   | Killed Louise
 46612 | Shoals:1 | Received a gift from Okawaru
 46776 | Shoals:1 | Found a transporter.
 47065 | Shoals:1 | Killed HendSelp's ghost
 47077 | Shoals:1 | Reached skill level 15 in Shields
 47082 | Shoals:1 | Received a gift from Okawaru
 47548 | Shoals:1 | Reached XP level 21. HP: 73/177 MP: 29/29
 50528 | Shoals:3 | Reached skill level 23 in Axes
 50720 | Shoals:3 | Found a runed translucent gate.
 50721 | Shoals:3 | Found a runed translucent gate.
 50722 | Shoals:3 | Found a runed translucent gate.
 50722 | Shoals:3 | Noticed finalsalamander's ghost (adept HOMo)
 50788 | Shoals:3 | Killed finalsalamander's ghost
 50807 | Shoals:3 | Identified the -2 cloak "Alo Jowk" {-Tele Int+4}
 51190 | Shoals:4 | Entered Level 4 of the Shoals
 51844 | Shoals:4 | Received a gift from Okawaru
 52036 | Arena    | Entered the Arena
 52406 | Shoals:4 | Got a barnacled rune of Zot
 52441 | Shoals:4 | Noticed Ilsuiw
 52460 | Shoals:4 | Killed Ilsuiw
 53362 | Shoals:4 | Reached XP level 22. HP: 137/186 MP: 30/30
 54111 | Vaults:3 | Noticed Jory
 54119 | Arena    | Entered the Arena
 54140 | Vaults:3 | Identified the +0 chain mail "Huibeval" {Contam Dex+6}
                  | (Okawaru gifted it to you on level 3 of the Vaults)
 54140 | Vaults:3 | Received a gift from Okawaru
 54143 | Arena    | Entered the Arena
 54154 | Arena    | Killed Jory
 54575 | Vaults:3 | Noticed Saint Roka
 55053 | Vaults:3 | Killed Saint Roka
 55349 | Vaults:3 | Identified the +6 morningstar of Eprenn {elec, rF+ Str-5
                  | Int+3}
 55364 | Vaults:3 | Noticed Mennas
 55397 | Vaults:3 | Killed Mennas
 55700 | Vaults:3 | Found a portal to a secret trove of treasure.
 55902 | Vaults:3 | Found a staircase to the Crypt.
 56005 | Vaults:3 | Reached skill level 15 in Armour
 56152 | Vaults:3 | You paid a toll of +2 ice dragon scales to enter a treasure
                  | trove
 56153 | Trove    | Entered a treasure trove
 56156 | Trove    | Identified the amulet "Xawy Wia" {RegenMP rC++}
 56158 | Trove    | Identified the ring "Rudeffac" {*Corrode rElec rPois rF+
                  | Str+3}
 56177 | Trove    | Identified the ring of Juyluyca {Fly rF+ rN+}
 56190 | Trove    | Identified the ring of Cynlomm {rCorr SInv}
 56194 | Trove    | Identified the ring "Gaseluni" {Will+ Str+2 Dex+6}
 56202 | Trove    | Identified the ring "Xosem" {rC++ AC+4}
 56204 | Trove    | Identified the ring "Defiptad" {rC+ Str-3 Int+4 Dex+3}
 56206 | Trove    | Identified the ring "Javiferi" {rC+ Str+6}
 56946 | Vaults:4 | Identified the +1 battleaxe of Defiance {venom, Stlth+}
                  | (Okawaru gifted it to you on level 4 of the Vaults)
 56946 | Vaults:4 | Received a gift from Okawaru
 57589 | Vaults:4 | Reached skill level 24 in Axes
 57797 | Vaults:4 | Reached XP level 23. HP: 194/194 MP: 32/32
 58307 | Vaults:4 | Identified the +7 halberd of Dissolution {venom, Dex+4}
 58388 | Vaults:4 | Identified the +1 ring mail of Minuv {Dex+2} (Okawaru
                  | gifted it to you on level 4 of the Vaults)
 58388 | Vaults:4 | Received a gift from Okawaru
 59174 | D:15     | Entered Level 15 of the Dungeon
 59243 | D:15     | Found a blossoming altar of Fedhas.
 59510 | D:15     | Found a staircase to the Depths.
 59869 | Depths:1 | Entered Level 1 of the Depths
 59869 | Depths:1 | Noticed Bai Suzhen
 59893 | D:15     | Killed Bai Suzhen
 60236 | Depths:1 | Found a corrupted altar of Lugonu.
 60332 | Depths:1 | Found a bloodstained altar of Trog.
 60527 | Depths:1 | Identified the +2 flail of Gegiri {vorpal, rF- rC+ rN+
                  | Int+5}
 61160 | Depths:2 | Found a one-way gate leading to the halls of Pandemonium.
 61362 | Depths:2 | Noticed a caustic shrike
 61377 | Depths:2 | Killed a caustic shrike
 61382 | Arena    | Entered the Arena
 61854 | Depths:2 | Identified the +4 plate armour "Nuikh" {Will+ rCorr Dex-2}
                  | (Okawaru gifted it to you on level 2 of the Depths)
 61854 | Depths:2 | Received a gift from Okawaru
 62568 | Elf:1    | Entered Level 1 of the Elven Halls
 63912 | Elf:1    | Found Voisug's One-of-a-Kind Books.
 63956 | Elf:1    | Reached XP level 24. HP: 147/203 MP: 33/33
 64039 | Elf:1    | Found Xyschumil's Magic Scroll Shop.
 64047 | Elf:1    | Bought 2 scrolls of magic mapping for 140 gold pieces
 64340 | Elf:1    | Got the Guide on Creative Attacks
 64392 | Elf:2    | Found Qixuto's Antique Armour Boutique.
 64393 | Elf:2    | Found Ceavvey's Magic Scroll Boutique.
 64395 | Elf:2    | Bought a black opal-encrusted plate armour for 952 gold
                  | pieces
 64395 | Elf:2    | Identified the +0 plate armour of Ozuf {rPois Str-4 Dex+3}
                  | (You bought it in a shop on level 2 of the Elven Halls)
 64461 | Elf:2    | Bought a scroll of acquirement for 988 gold pieces
 64461 | Elf:2    | Acquired a manual of Throwing
 64465 | Elf:2    | Found Guapt's General Store.
 64547 | Elf:2    | Found a runed translucent gate.
 64547 | Elf:2    | Found a runed translucent gate.
 64547 | Elf:2    | Found a runed translucent gate.
 64634 | Elf:2    | Reached skill level 1 in Throwing
 64808 | Elf:2    | Found Cuus's General Store.
 64822 | Elf:2    | Bought a potion of resistance for 160 gold pieces
 64918 | Elf:3    | Entered Level 3 of the Elven Halls
 65214 | Elf:3    | Noticed Asterion
 65235 | Elf:3    | Killed Asterion
 65433 | Elf:3    | Received a gift from Okawaru
 65602 | Elf:3    | Gained mutation: Armour fits poorly on your strangely
                  | shaped body. [a cacodemon]
 65604 | Elf:3    | Lost mutation: Armour fits poorly on your strangely shaped
                  | body. [potion of mutation]
 65604 | Elf:3    | Gained mutation: You are partially covered in iridescent
                  | scales. (AC +2) [potion of mutation]
 65965 | Elf:3    | Received a gift from Okawaru
 66177 | Elf:3    | Reached skill level 15 in Invocations
 66216 | Arena    | Entered the Arena
 66244 | Elf:3    | Identified the +8 war axe "Lanifim" {vorpal, MP+9 Dex+4}
                  | (Okawaru gifted it to you on level 3 of the Elven Halls)
 66244 | Elf:3    | Received a gift from Okawaru
 66680 | Elf:3    | Identified the amulet "Bazxo Bimoo" {Spirit Rampage rN+
                  | Regen+ Str+4}
 66927 | Elf:3    | Identified the ring of Wyl Lyq {rC+ AC+4}
 66940 | Elf:3    | Reached skill level 5 in Throwing
 66946 | Elf:3    | Identified the +8 mace "Hydra's Undoing" {flame, rC+ Str+4}
 66946 | Elf:3    | Identified the ring of Piemnaih {+Blink rCorr Str+3}
 67027 | Elf:3    | Identified the ring of the Marlin {rC+ EV+4}
 67359 | Elf:3    | Got the Almanac of Battle Magic
 67362 | Elf:3    | Got the Handbook of Attacks
 67916 | Arena    | Entered the Arena
 68663 | Depths:2 | Received a gift from Okawaru
 68790 | Depths:2 | Found a basalt altar of Yredelemnul.
 70138 | Depths:3 | Found a one-way gateway to a ziggurat.
 70211 | Depths:3 | Received a gift from Okawaru
 70462 | Depths:3 | Noticed a golden dragon
 70474 | Depths:3 | Killed a golden dragon
 70474 | Depths:3 | Received a gift from Okawaru
 70806 | Depths:3 | You are sucked into a shaft and drop 1 floor!
 70806 | Depths:4 | Entered Level 4 of the Depths
 70860 | Depths:4 | Reached XP level 25. HP: 205/212 MP: 34/34
 70892 | Depths:4 | Noticed a juggernaut
 70907 | Depths:4 | Killed a juggernaut
 71339 | Depths:3 | Received a gift from Okawaru
 71612 | Depths:3 | Received a gift from Okawaru
 71908 | Depths:3 | Identified the +0 great mace of Tenacity {protect, rElec}
 71908 | Depths:3 | Identified the ring "Gowet" {Ice rElec Will+ Int-5}
 72784 | Depths:4 | Found Reomn's General Store.
 72784 | Depths:4 | Found Udaovyxo's General Store.
 72797 | Depths:4 | Received a gift from Okawaru
 72817 | Depths:4 | Bought a scroll of fog for 42 gold pieces
 72817 | Depths:4 | Bought a wand of acid (6) for 420 gold pieces
 73046 | Depths:4 | Found a gate to the Realm of Zot.
 73051 | Depths:4 | Received a gift from Okawaru
 73052 | Depths:4 | Reached skill level 10 in Throwing
 74070 | Crypt:1  | Entered Level 1 of the Crypt
 74537 | D:8      | Fell from the grace of Okawaru
 74537 | D:8      | Became a worshipper of the Shining One
 74901 | Crypt:1  | Reached * piety under the Shining One
 74989 | Crypt:1  | Reached ** piety under the Shining One
 75134 | Crypt:1  | Identified the +2 leather armour of Good Intentions
                  | {Rampage Dex+2}
 75186 | Crypt:1  | Reached *** piety under the Shining One
 75272 | Crypt:1  | Reached **** piety under the Shining One
 75287 | Crypt:1  | Reached XP level 26. HP: 219/222 MP: 35/35
 75579 | Crypt:2  | Reached ***** piety under the Shining One
 75900 | Crypt:2  | Reached ****** piety under the Shining One
 75923 | Crypt:2  | Identified the amulet "Iruihu" {Spirit +Blink Will- Str+8
                  | Dex-3}
 76218 | Crypt:2  | Identified a +9 executioner's axe of holy wrath (a +9
                  | executioner's axe of freezing blessed by the Shining One)
 76218 | Crypt:2  | Received a gift from the Shining One
 76876 | Depths:1 | Voluntarily entered the Abyss.
 76935 | Depths:1 | Escaped the Abyss
 77154 | Depths:1 | Voluntarily entered the Abyss.
 78017 | Abyss:4  | Found a corrupted altar of Lugonu.
 78049 | Abyss:5  | Entered Level 5 of the Abyss
 78119 | Abyss:5  | Found a transporter.
 78122 | Abyss:5  | Found a corrupted altar of Lugonu.
 78135 | Abyss:5  | Noticed an ancient lich
 78143 | Abyss:5  | Gained mutation: You occasionally shout uncontrollably at
                  | your foes. [a shining eye]
 78156 | Abyss:5  | Killed an ancient lich
 78161 | Abyss:5  | Found a transporter.
 78191 | Abyss:5  | Identified the ring of Heresy {Fly Will- Str+5 Int+6}
 78434 | Abyss:5  | Found a transporter.
 78437 | Abyss:5  | Found a corrupted altar of Lugonu.
 78439 | Abyss:5  | Found a transporter.
 78624 | Abyss:5  | Gained mutation: Your body sometimes deteriorates upon
                  | taking damage. [a cacodemon]
 78625 | Abyss:5  | Gained mutation: Your magical capacity is low. (-10% MP) [a
                  | cacodemon]
 78627 | Abyss:5  | Lost intelligence.
 78677 | Abyss:5  | Reached XP level 27. HP: 174/174 MP: 24/32
 78677 | Abyss:5  | Got an abyssal rune of Zot
 78710 | Depths:1 | Escaped the Abyss
 79042 | Crypt:3  | Entered Level 3 of the Crypt
 79376 | Crypt:3  | Lost mutation: Your magical capacity is low. (-10% MP)
                  | [potion of mutation]
 79376 | Crypt:3  | Lost mutation: You are partially covered in iridescent
                  | scales. (AC +2) [potion of mutation]
 79376 | Crypt:3  | Lost mutation: You occasionally shout uncontrollably at
                  | your foes. [potion of mutation]
 79376 | Crypt:3  | Gained mutation: You occasionally shout uncontrollably at
                  | your foes. [potion of mutation]
 79376 | Crypt:3  | Gained mutation: You are clumsy. (Dex -2) [potion of
                  | mutation]
 79376 | Crypt:3  | Gained mutation: You are somewhat resistant to further
                  | mutation. [potion of mutation]
 79377 | Crypt:3  | Lost mutation: You are clumsy. (Dex -2) [potion of
                  | mutation]
 79377 | Crypt:3  | Lost mutation: You are somewhat resistant to further
                  | mutation. [potion of mutation]
 79377 | Crypt:3  | Gained mutation: You are robust. (+10% HP) [potion of
                  | mutation]
 79377 | Crypt:3  | Gained mutation: You are strong-willed. (Will+) [potion of
                  | mutation]
 79378 | Crypt:3  | Lost mutation: You occasionally shout uncontrollably at
                  | your foes. [potion of mutation]
 79378 | Crypt:3  | Lost mutation: Your body sometimes deteriorates upon taking
                  | damage. [potion of mutation]
 79378 | Crypt:3  | Gained mutation: You have an increased reservoir of magic.
                  | (+10% MP) [potion of mutation]
 79378 | Crypt:3  | Gained mutation: Your system is resistant to poisons.
                  | (rPois) [potion of mutation]
 79378 | Crypt:3  | Gained mutation: You are dopey. (Int -2) [potion of
                  | mutation]
 79378 | Crypt:3  | Gained mutation: You expend magic power (3 MP) to
                  | strengthen your wands. [potion of mutation]
 80608 | Zot:1    | Entered Level 1 of the Realm of Zot
 81164 | Zot:1    | Was forgiven by Okawaru
 81857 | Hell     | Entered the Vestibule of Hell
 81857 | Hell     | Noticed Geryon
 81862 | Hell     | Noticed Murray
 81865 | Hell     | Killed Geryon
 81873 | Hell     | Killed Murray
 81941 | Hell     | Found a gateway to the ashen valley of Gehenna.
 82018 | Hell     | Found a gateway to the decaying netherworld of Tartarus.
 82170 | Hell     | Found a gateway to the freezing wastes of Cocytus.
 82269 | Hell     | Found a gateway to the Iron City of Dis.
 82406 | Coc:1    | Entered Level 1 of Cocytus
 82631 | Coc:2    | Noticed a shard shrike
 82631 | Coc:2    | Noticed a shard shrike
 82638 | Coc:2    | Killed a shard shrike
 82643 | Coc:2    | Killed a shard shrike
 82923 | Coc:3    | Noticed a shard shrike
 82925 | Coc:3    | Noticed a shard shrike
 82925 | Coc:3    | Noticed a shard shrike
 82927 | Coc:3    | Noticed a shard shrike
 82938 | Coc:3    | Killed a shard shrike
 82942 | Coc:3    | Killed a shard shrike
 82950 | Coc:3    | Killed a shard shrike
 82958 | Coc:3    | Killed a shard shrike
 83650 | Coc:5    | Noticed a shard shrike
 83650 | Coc:5    | Noticed a shard shrike
 83658 | Coc:5    | Killed a shard shrike
 83670 | Coc:5    | Killed a shard shrike
 83703 | Coc:5    | You are sucked into a shaft and drop 1 floor!
 83703 | Coc:6    | Noticed a shard shrike
 83705 | Coc:6    | Noticed a shard shrike
 83709 | Coc:6    | Noticed a shard shrike
 83716 | Coc:6    | Killed a shard shrike
 83725 | Coc:6    | Killed a shard shrike
 83734 | Coc:6    | Killed a shard shrike
 83749 | Coc:6    | Noticed a shard shrike
 83774 | Coc:6    | Killed a shard shrike
 83796 | Coc:7    | Entered Level 7 of Cocytus
 83796 | Coc:7    | Noticed a shard shrike
 83802 | Coc:7    | Killed a shard shrike
 83815 | Coc:7    | Noticed a shard shrike
 83829 | Coc:7    | Killed a shard shrike
 83844 | Coc:7    | Noticed a shard shrike
 83857 | Coc:7    | Reached skill level 15 in Throwing
 83869 | Coc:7    | Killed a shard shrike
 83913 | Coc:7    | Killed from afar by a hellion

Illustrated notes

Levels and vault maps discovered:
D:1:      giann_bridges, layout_basic, serial_glass, glass_columns_a,
          glass_columns_c
D:2:      layout_basic
D:3:      layout_loops_cross, gammafunk_temple_overflow_pools,
          cheibriados_altar_1, serial_undead, serial_undead_d, serial_undead_e,
          serial_undead_e, serial_undead_b, kennysheep_big_empty_room,
          uniq_terence, uniq_robin
D:4:      layout_cave_pods, chequers_serial_rivers_micro_c, minmay_cupped
D:5:      layout_layer_cave, mainiacjoe_overflow_concentric_impassable,
          temple_hall, serial_shops, nicolae_shop_crystal,
          gup_ossuary_entry_pyramid, st_stairs_2, minmay_door_square,
          chequers_serial_rivers_marsh
D:6:      layout_layer_cave, gammafunk_temple_overflow_elements,
          gammafunk_ghost_nasty_kobolds, portal_sewer_entry_a,
          chequers_serial_rivers_marsh, nicolae_fountain_basement
D:7:      layout_basic, zin_academy
D:8:      layout_rooms, overflow_temple_1_default,
          grunt_dithmenos_smoke_and_mirrors, lair_entry_dummy, serial_shops,
          nicolae_shop_hallway_stairs
D:9:      layout_roguey, nicolae_uskayaw_dance_hall, serial_shops,
          nicolae_shop_advertising_works [nicolae_subvault_shop_adworks], shop,
          chequers_decorated_corner, uniq_prince_ribbit1
D:10:     layout_basic, led_sif_pool, xom_teletrap_fun,
          nzn_wu_jian_contemplation, orc_david_3, serial_curves, eino_curves_01,
          eino_curves_01, eino_curves_01, eino_curves_03, enter_bailey_5,
          evilmike_butchery
D:11:     layout_irregular_city, nicolae_transmutations_shop, trog_hazing_becter
D:12:     layout_basic, uniq_lodul, uniq_josephine
D:13:     layout_irregular_city
D:14:     layout_gridville, hangedman_vaults_entry_quadrant_bands, serial_shops,
          nicolae_shop_stone, shop_fountains, shop,
          nicolae_shop_overgrown_old_shop, minmay_fractal_squares_diagonal_5
D:15:     grunt_enter_depths_hoard, layout_rooms, hangedman_decor_opposing,
          fedhas_altar_1
Temple:   jpeg_temple_island
Lair:1:   layout_hall_layers, grunt_megastairs_4
Lair:2:   cheibrodos_lair_river_kwai, layout_hall_layers, shoals_dummy_entry,
          gammafunk_ghost_abyssal_escape
Lair:3:   hellmonk_destroyed_diamonds, layout_cave_shapes
Lair:4:   layout_hall_layers, guppyfry_snake_entry_garden,
          infiniplex_staircase_pool, uniq_nergalle
Lair:5:   layout_roguey [special_room_bee], slime_altar_1,
          bh_autumn_forest_stairs, serial_bayou_crossing, uniq_urug
Lair:6:   evil_forest, layout_big_grid, nicolae_volcano_entry_vermiform,
          uniq_snorg
Shoals:1: layout_shoals, gammafunk_ghost_arena, uniq_louise, uniq_nikola
Shoals:2: layout_shoals, nicolae_shoals_wave_tunnel
Shoals:3: layout_shoals, gammafunk_ghost_necromancy
Shoals:4: shoals_end_grunt_ice, layout_shoals, shoal_ilsuiw,
          hangedman_shoals_cup_caves
Snake:1:  layout_rooms, gammafunk_ghost_grave, nicolae_snake_single_loop,
          nicolae_snake_salamander_zone, uniq_mlioglotl
Snake:2:  layout_gridlike, nicolae_snake_gridmaze_big_u, uniq_aizul,
          uniq_vashnia
Snake:3:  layout_grid_shapes, nrook_loot_triangle,
          nicolae_snake_salamander_stairs, minmay_shop_star
Snake:4:  hellmonk_snake_rune_quicksilver_temple, layout_misc_corridors,
          serial_bayou_shore_b, grunt_megastairs_3, serial_bayou_shore_a,
          serial_bayou_shore_b, lemuel_fruit_tree
Orc:1:    layout_caves, portal_ice_cave_entry_pillars_2, nicolae_orc_lava_tube,
          uniq_sonja
Orc:2:    grunt_orc_gardens, layout_caves, grunt_orc_garden, grunt_orc_garden,
          grunt_orc_garden, grunt_orc_garden, uniq_azrael, uniq_rupert
Elf:1:    elf_arrival_001, layout_geoelf_octagon, serial_shops, shop_scrolls,
          minmay_elf_sorcery, nicolae_elf_glass_and_crystal_pillar_2,
          nicolae_rare_books, minivault_20, grunt_ministairs_3
Elf:2:    elven_hall_of_blades_hangedman_original [nicolae_blade_lattice],
          layout_onion_city, serial_shops, nicolae_stop_n_shop_2, shop, shop,
          nicolae_stop_n_shop_2, st_stairs_9
Elf:3:    minmay_elf_hall_curves, layout_geoelf_grid, uniq_asterion
Vaults:1: vaults_room_pools, ontoclasm_vaults_eye,
          nicolae_vaults_big_angled_halls, nicolae_vaults_network_s,
          hangedman_vaults_impose, ontoclasm_vaults_shuriken,
          layout_vaults_omnigrid
Vaults:2: v_alt_pattern_5, hangedman_vaults_stitches, v_rooms_4, v_rooms_1,
          v_misc_2, hangedman_vaults_capsules, grunt_vaults_hallway_short,
          v_misc_24, vaults_mumra_chevron, v_misc_17, v_alt_pattern_3,
          v_misc_19, layout_vaults_omnibox, uniq_sojobo
Vaults:3: minmay_crypt_entry_simple_plaza, v_misc_18,
          hangedman_vaults_restitches, vaults_mumra_hexcomb, st_check,
          nicolae_vaults_theta, vaults_dpeg_encased_lava,
          nicolae_vaults_ring_of_whatevers, vaults_room_fancy_cross,
          hangedman_vaults_river_flow, nicolae_vaults_mini_display_case,
          vaults_room_hallway, vaults_mumra_chevron_long, v_pattern_1,
          layout_vaults_ring, enter_trove_3, uniq_jory, uniq_mennas,
          uniq_saint_roka
Vaults:4: st_more_cells, nicolae_vaults_ninety_degrees, vaults_mumra_minichess,
          v_misc_4, nicolae_vaults_network_periphery, grunt_vaults_funnel,
          v_misc_32, vaults_dpeg_ring, vaults_room_fancy_cross,
          vaults_room_pool, layout_vaults_big_cross
Crypt:1:  layout_misc_corridors, columned_hall_lemuel, feat_on_display
Crypt:2:  hangedman_staggered_hall, layout_basic, grunt_megastairs_2
Crypt:3:  quadcrypt_mu
Depths:1: layout_twisted_cross, abyss_entry_flame_altar,
          serial_co_window_serial, co_window_corner_a, co_window_cross_1,
          co_window_of_opportunity_a, co_window_of_opportunity_a,
          co_window_of_opportunity_a, co_window_corner_b, co_window_paths_c,
          co_window_broadway_a, co_window_corner_b, glass_columns_b,
          glass_columns_c, glass_columns_b, glass_columns_a,
          hangedman_decor_lopped, hell_entry, evilmike_spriggan_trog_shrine,
          uniq_bai_suzhen
Depths:2: minmay_octo_star, layout_honeycomb, rand_demon_pan_entry_3,
          abyss_entry_small_statue_room, hell_entry, lemuel_doored_altar,
          infiniplex_staircase_x
Depths:3: minmay_the_grid_four_pointed_star_mashed
          [minmay_the_grid_triangle_9x9_stretched_checkered,
          minmay_the_grid_triangle_9x9_negative_grid,
          minmay_the_grid_triangle_9x9_longest,
          minmay_the_grid_triangle_9x9_checkered,
          minmay_the_grid_prize_four_corners_diamond_b], layout_gridlike,
          enter_ziggurat_b, wad_floor_pattern_untrapped,
          nicolae_abyss_entry_one_way_or_another, lightli_too_deep, minivault_1,
          uniq_josephina
Depths:4: grunt_zot_entry_tricorne, layout_cave_pools, hell_entry, abyss_entry,
          serial_bayou_shore_b, serial_bayou_shore_b, minmay_shoptagon,
          serial_bayou_shore_b
Hell
Coc:1:    layout_ice_bergs
Coc:2:    layout_cocytus_delve
Coc:3:    layout_cocytus_water_paths
Coc:4:    layout_cocytus_water_paths
Coc:5:    layout_cocytus_water_paths
Coc:6:    layout_cocytus_water_paths
Coc:7:    coc_grunt_cove [coc_grunt_cove_antaeus, coc_grunt_cove_fiend,
          coc_grunt_cove_fiend, coc_grunt_cove_fiend, coc_grunt_cove_fiend]
Zot:1:    kennysheep_six_static_rooms, layout_gridlike

Skill      XL: |  1  2  3  4  5  6  7  8  9 10 11 12 13 14 15 16 17 18 19 20 21 22 23 24 25 26 27 |
---------------+----------------------------------------------------------------------------------+-----
Shields        | 4 5 7 9 10 11 13 14 15 16 17 18 19 20 22 | 22.0
Axes           | 3 4 5 6 8 10 12 13 16 17 18 19 20 21 22 23 24 | 24.0
Fighting       | 4 5 7 8 9 11 12 13 14 15 16 17 18 19 20 21 23 | 23.2
Armour         | 4 6 8 9 10 12 13 14 15 16 17 18 20 | 20.3
Invocations    | 2 3 5 7 8 9 10 11 13 14 15 16 17 19 | 19.6
Evocations     | 1 3 5 6 8 10 11 12 13 | 13.9
Dodging        | 1 4 6 7 |  7.6
Throwing       | 7 11 12 15 | 15.0

Action                   |  1- 3 |  4- 6 |  7- 9 | 10-12 | 13-15 | 16-18 | 19-21 | 22-24 | 25-27 || total
-------------------------+-------+-------+-------+-------+-------+-------+-------+-------+-------++-------
Melee: War axe           |    64 |   146 |   439 |    69 |       |       |       |       |       ||   718
       Battleaxe         |       |       |       |   341 |       |   231 |  1058 |  1486 |   859 ||  3975
       Broad axe         |       |       |       |   273 |   776 |   861 |       |       |       ||  1910
       Executioner's axe |       |       |       |       |       |       |   211 |     5 |  1136 ||  1352
Invok: Heroism           |       |       |       |     1 |    14 |    19 |    12 |    11 |     4 ||    61
       Finesse           |       |       |       |       |     5 |     4 |     1 |     3 |       ||    13
       Duel              |       |       |       |       |       |     1 |     3 |     5 |       ||     9
       Cleansing Flame   |       |       |       |       |       |       |       |       |     8 ||     8
       Divine Shield     |       |       |       |       |       |       |       |       |     7 ||     7
       Summon Divine War |       |       |       |       |       |       |       |       |     3 ||     3
       Brand Weapon With |       |       |       |       |       |       |       |       |     1 ||     1
 Abil: Dig               |       |       |       |     2 |     3 |     6 |     7 |     5 |     9 ||    32
Evoke: Wand              |       |       |     3 |     5 |     2 |     7 |     9 |    16 |    15 ||    57
  Use: Potion            |       |     1 |       |    10 |     7 |    10 |    17 |    17 |    14 ||    76
       Scroll            |       |     2 |     4 |     4 |    16 |     8 |     5 |    17 |     3 ||    59
 Stab: Invisible         |       |       |       |     2 |     1 |       |    13 |       |       ||    16
       Petrified         |       |       |       |       |     3 |       |       |       |       ||     3
       Distracted        |       |       |       |       |       |     1 |       |       |       ||     1
       Paralysed         |       |       |       |       |       |       |     4 |     2 |       ||     6
Armor: Scale mail        |    19 |       |       |   125 |   428 |   447 |    84 |       |       ||  1103
       Chain mail        |    33 |    92 |   174 |   254 |       |       |       |       |       ||   553
       Crystal plate arm |       |       |       |       |       |       |   407 |   476 |       ||   883
       Gold dragon scale |       |       |       |       |       |       |       |    21 |   663 ||   684
Dodge: Dodged            |    39 |   109 |   248 |   562 |   452 |   285 |   200 |   224 |   286 ||  2405
Block: Buckler           |     8 |    45 |   117 |   217 |     9 |       |       |       |       ||   396
       Kite shield       |       |       |       |       |   319 |   211 |   686 |   593 |    10 ||  1819
       Tower shield      |       |       |       |       |       |   346 |     9 |    38 |  1295 ||  1688

Table legend: (Time is in decaauts)
 A = Elapsed time spent in this place.
 B = Non-inter-level travel time spent in this place.
 C = Inter-level travel time spent in this place.
 D = Time resting spent in this place.
 E = Time spent auto-exploring this place.
 F = Levels seen in this place.
 G = Mean time per level.
                   A        B        C        D        E       F      G
               +--------+--------+--------+--------+--------+-----+--------+
         Total |  82017 |  73531 |   8486 |  29756 |  27329 |  76 | 1079.2 |
       Dungeon |  21945 |  18430 |   3515 |   5837 |   9549 |  15 | 1463.0 |
        Temple |     35 |     35 |      0 |      0 |      0 |   1 |   35.0 |
          Lair |   9382 |   8114 |   1268 |   3509 |   3283 |   6 | 1563.7 |
        Shoals |   8574 |   8088 |    486 |   4390 |   2032 |   4 | 2143.5 |
     Snake Pit |   8458 |   8307 |    151 |   5122 |   1671 |   4 | 2114.5 |
  Orcish Mines |   2446 |   2161 |    285 |    961 |    738 |   2 | 1223.0 |
   Elven Halls |   4312 |   3979 |    333 |   1414 |   1625 |   3 | 1437.3 |
        Vaults |   8919 |   7345 |   1574 |   2875 |   3105 |   4 | 2229.8 |
         Crypt |   2980 |   2606 |    374 |    283 |   1434 |   3 |  993.3 |
        Depths |   7209 |   6781 |    428 |   2798 |   2540 |   4 | 1802.2 |
          Hell |    646 |    646 |      0 |    174 |    248 |   1 |  646.0 |
       Cocytus |   1319 |   1319 |      0 |    795 |      0 |   7 |  188.4 |
           Zot |   1201 |   1135 |     66 |    254 |    684 |   1 | 1201.0 |
         Abyss |   1523 |   1523 |      0 |     92 |      6 |   6 |  253.8 |
         Trove |     73 |     73 |      0 |      0 |      0 |   1 |   73.0 |
         Sewer |    273 |    273 |      0 |      0 |     96 |   1 |  273.0 |
       Ossuary |    331 |    331 |      0 |     14 |     98 |   1 |  331.0 |
        Bailey |    668 |    668 |      0 |    320 |     66 |   1 |  668.0 |
      Ice Cave |    615 |    615 |      0 |    263 |    138 |   1 |  615.0 |
       Volcano |    935 |    935 |      0 |    632 |     15 |   1 |  935.0 |
         Arena |    163 |    163 |      0 |     20 |      0 |   9 |   18.1 |
               +--------+--------+--------+--------+--------+-----+--------+

Top non-repeatable levels by time:
 Snake:4: 3151 daAuts
Vaults:2: 3127 daAuts
Shoals:1: 2835 daAuts
 Snake:1: 2479 daAuts
   Elf:3: 2454 daAuts
Shoals:4: 2434 daAuts
     D:9: 2289 daAuts
    D:10: 2234 daAuts
  Lair:2: 2176 daAuts
Vaults:3: 2095 daAuts
Depths:1: 2028 daAuts
Depths:3: 1993 daAuts
    D:14: 1961 daAuts
Vaults:1: 1901 daAuts
  Lair:6: 1895 daAuts
